 Dungeon Sprint DCSS version 0.18-a0-1140-g8540535 (webtiles) character file.

333458 Kidiri the Ninja (level 18, -11/74 HPs)
             Began as a Spriggan Enchanter on Jan 21, 2016.
             Was the Champion of Dithmenos.
             Killed from afar by Antaeus (43 damage)
             ... with a flash freeze
             ... in the Dungeon (Sprint III: "The Ten Rune Challenge").
             The game lasted 01:55:00 (22887 turns).

Kidiri the Ninja (Spriggan Enchanter)              Turns: 22887, Time: 01:55:00

Health: -11/74     AC:  8    Str:  4    XL:     18   Next: 99%
Magic:  48/54      EV: 47    Int: 22    God:    Dithmenos [******]
Gold:   26         SH: 16    Dex: 32    Spells: 18 memorised, 3 levels left

rFire  . . .     SeeInvis +     y - +11 quick blade "Cureb" {pierce, +Rage Stlth+}
rCold  + . .     Gourm    .     I - +1 robe "Yxil" {rPois rN+ Dex+2}
rNeg   + . .     Faith    +     z - +3 buckler {reflect}
rPois  +         Spirit   .     w - +2 hat {SInv}
rElec  .         Dismiss  .     O - +2 cloak of Juid {Dex+5 Stlth+}
rCorr  .         Reflect  +     (gloves unavailable)
SustAt .         Harm     .     (boots unavailable)
MR     +++..     Clarity  +     k - amulet of faith
Stlth  ++++++++++ NoTele   +    A - ring of Ceutrohuu {rC+ Dex+5}
                                G - ring "Xireirphuesu" {+Fly Int+2 Dex+3 Stlth+}

@: flying, wreathed by umbra, very quick, extremely resistant to hostile
enchantments, uncannily stealthy
A: unfitting armour, see invisible, clarity, dopey 2, herbivore 3, speed 3, high
mp 1, slow metabolism 2, sturdy frame 1
a: Shadow Step, Shadow Form, Renounce Religion, Evoke Berserk Rage, Stop Flying
}: 6/10 runes: decaying, serpentine, silver, golden, iron, bone


You were in the Dungeon.
You worshipped Dithmenos.
Dithmenos was exalted by your worship.
You were full.

You visited 1 branch You collected 3206 gold pieces.
You spent 3180 gold pieces at shops.

Inventory:

Hand Weapons
 y - the +11 quick blade "Cureb" (weapon) {pierce, +Rage Stlth+}
   (You found it in the Dungeon)

   It inflicts extra damage upon your enemies.
   It lets you go berserk.
   It makes you more stealthy.
Missiles
 a - 17 throwing nets (quivered)
Armour
 w - a +2 hat of see invisible (worn)
 z - a +3 buckler of reflection (worn)
 I - the +1 robe "Yxil" (worn) {rPois rN+ Dex+2}
   (You found it in the Dungeon)

   It affects your dexterity (+2).
   It protects you from poison.
   It protects you from negative energy.
 O - the +2 cloak of Juid (worn) {Dex+5 Stlth+}
   (You acquired it in the Dungeon)

   It affects your dexterity (+5).
   It makes you more stealthy.
Jewellery
 k - an amulet of faith (around neck)
 A - the ring of Ceutrohuu (right hand) {rC+ Dex+5}
   (You bought it in a shop in the Dungeon)

   [ring of dexterity]

   It affects your dexterity (+5).
   It protects you from cold.
 C - the ring "Lyelox" {rF+ rC- rN+++ MR+++ Dex+3}
   (You found it in the Dungeon)

   [ring of protection from fire]

   It affects your dexterity (+3).
   It protects you from fire.
   It makes you vulnerable to cold.
   It renders you almost immune to negative energy.
   It affects your resistance to hostile enchantments.
 D - the ring of the Traitor {rF+ AC+1}
   (You found it in the Dungeon)

   [ring of protection]

   It affects your AC (+1).
   It protects you from fire.
 G - the ring "Xireirphuesu" (left hand) {+Fly Int+2 Dex+3 Stlth+}
   (You took it off a fire giant in the Dungeon)

   [ring of stealth]

   It affects your intelligence (+2).
   It affects your dexterity (+3).
   It lets you fly.
   It makes you more stealthy.
Wands
 t - a wand of heal wounds (6/9)
 v - a wand of enslavement (7/24)
 B - a wand of slowing (29/48)
 F - a wand of digging (11/24)
 J - a wand of polymorph (12/24)
 K - a wand of disintegration (11/24)
 P - a wand of heal wounds (5/9)
 R - a wand of hasting (5/9)
 S - a wand of slowing (42/48)
Scrolls
 b - 6 scrolls of amnesia
 f - 4 scrolls of identify
 h - 3 scrolls of enchant armour
 j - a scroll of blinking
 l - a scroll of fear
 m - a scroll of remove curse
 n - a scroll of holy word
 o - a scroll of recharging
 s - 3 scrolls of torment
Potions
 e - 15 potions of curing
 g - a potion of haste
 p - a potion of lignification
 r - 5 potions of flight
 u - a potion of agility
 x - a potion of brilliance
Books
 L - a book of Enchantments

   Spells                             Type                      Level
   a - Cause Fear                     Hexes                        4
   b - Yara's Violent Unravelling     Hexes/Transmutation          5
   c - Silence                        Hexes/Air                    5
   d - Deflect Missiles               Charms/Air                   6
   e - Haste                          Charms                       6
   f - Discord                        Hexes                        8
Comestibles
 i - 28 royal jellies


   Skills:
 * Level 25.8 Short Blades
 O Level 27 Dodging
 O Level 27 Stealth
 + Level 14.0 Shields
 O Level 27 Spellcasting
 + Level 14.5 Conjurations
 + Level 21.1 Hexes
 + Level 16.2 Charms
 + Level 20.3 Translocations
 + Level 18.7 Transmutations
 + Level 15.3 Ice Magic
 + Level 13.9 Air Magic
 + Level 14.2 Earth Magic
 + Level 14.9 Poison Magic
 - Level 2.8 Invocations


You had 3 spell levels left.
You knew the following spells:

 Your Spells              Type           Power        Failure   Level  Hunger
a - Corona                Hex            #######      0%          1    None
b - Ensorcelled Hibernat  Hex/Ice        ######       0%          2    None
c - Confuse               Hex            #######.     0%          3    None
d - Tukima's Dance        Hex            #######.     0%          3    None
e - Dazzling Spray        Conj/Hex       #######.     0%          3    None
f - Passwall              Trmt/Erth      #######...   0%          3    None
g - Passage of Golubria   Tloc           N/A          0%          4    None
h - Lee's Rapid Deconstr  Erth           #######...   1%          5    None
i - Darkness              Hex            #######...   1%          6    None
j - Invisibility          Hex            #######.     1%          6    None
k - Mephitic Cloud        Conj/Pois/Air  #######.     0%          3    None
l - Venom Bolt            Conj/Pois      #######...   1%          5    None
m - Freezing Cloud        Conj/Ice/Air   #######...   1%          6    None
n - Apportation           Tloc           #######...   0%          1    None
o - Iron Shot             Conj/Erth      #######...   1%          6    None
p - Ozocubu's Armour      Chrm/Ice       #######.     0%          3    None
q - Condensation Shield   Ice            #######...   1%          4    None
r - Cause Fear            Hex            #######...   0%          4    None


Dungeon Overview and Level Annotations

Branches:
Dungeon (1/1)

Altars:
Cheibriados
Dithmenos
Elyvilon
Fedhas
Gozag
Kikubaaqudgha
Makhleb
Nemelex Xobeh
Okawaru
Pakellas
Qazlal
Ru
Sif Muna
Trog
Vehumet
Xom
Yredelemnul
Zin
The Shining One
Jiyva
Lugonu

Shops:
D ?[}(?(}%[!!}=!?%[::(}(%=

Annotations:
D Antaeus


Innate Abilities, Weirdness & Mutations

You are tiny and cannot use many weapons and most armour.
You have supernaturally acute eyesight.
You are a herbivore.
You cover ground extremely quickly.
You need consume almost no food.
You possess an exceptional clarity of mind.
You are very dopey. (Int -4)
You have an increased reservoir of magic (+10% MP).
Your movements are slightly less encumbered by armour (ER -2).


Message History

You throw a throwing net.
Antaeus reflects the throwing net off his large shield of reflection!
The throwing net completely misses you.
You hear a splash.
The ice encasing you melts away. Antaeus misses you.
Antaeus completely misses you.
Unknown command.
Casting: Iron Shot
Confirm with . or Enter, or press ? or * to list all spells.
Aiming: Iron Shot
Press: ? - help, Shift-Dir - straight line, f/p - Antaeus
Aim: Antaeus, wearing a large shield of reflection (black smoke, almost dead, umbra) Antaeus reflects the iron shot off his large shield of reflection!
Your +3 buckler of reflection reflects the iron shot!
Antaeus reflects the iron shot off his large shield of reflection!
Your +3 buckler of reflection reflects the iron shot!
Antaeus gestures at you. The flash freeze hits you! You partially resist.
Ouch! That really hurt!
You die...

*######+#############
*.......(......(.....
*........(..(.((.....
*..........(((}(.....
*..........()(.(.....
*.......(..(.........
*#######'############
###§§≈≈≈≈≈≈≈##§§.#§
#C@§###≈≈#+###§§.+§
*###§+,*≈≈#,* #§..#§
*≈≈≈§#**≈≈#***##+###
*≈≈≈≈≈≈≈≈≈≈≈≈* #....
*≈≈≈≈##*≈≈≈≈≈*##+###
##+#≈+,*Z≈#+#*#§§§#.
*,#≈#**≈≈#,* #§§§+§
**#≈≈≈≈≈≈*** #§§§#§
******** ######


You could see Antaeus.

Vanquished Creatures
  Gloorx Vloq (D)
  Dispater (D)
  Tiamat (D)
  Khufu (D)
  Mara (D)
  An ancient lich (D)
  Mennas (D)
  6 greater mummies (D)
  An iron giant (D)
  Frederick (D)
  Boris (D)
  Geryon (D)
  2 golden dragons (D)
  A Killer Klown (D)
  Nikola (D)
  Xtahua (D)
  A lich (D)
  An electric golem (D)
  An Ice Fiend (D)
  Rupert (D)
  3 Hell Sentinels (D)
  2 Orb Guardians (D)
  A deep elf master archer (D)
  Gastronok (D)
  2 sphinxes (D)
  2 titans (D)
  An Executioner (D)
  An ancient champion (D)
  Chuck (D)
  Harold (D)
  3 shadow dragons (D)
  A greater naga (D)
  A storm dragon (D)
  Roxanne (D)
  4 fire giants (D)
  A frost giant (D)
  A draconian knight (D)
  An iron dragon (D)
  Maud (D)
  2 draconian zealots (D)
  3 ghost moths (D)
  4 war gargoyles (D)
  2 vampire knights (D)
  2 stone giants (D)
  Nessos (D)
  2 deep elf demonologists (D)
  2 dire elephants (D)
  Azrael (D)
  2 deep elf annihilators (D)
  A yellow draconian (D)
  A deep elf death mage (D)
  17 vault guards (D)
  6 mummy priests (D)
  A fire dragon (D)
  3 yaktaur captains (D)
  A deep elf high priest (D)
  2 hell beasts (D)
  2 hydras (D)
  2 centaur warriors (D)
  A naga warrior (D)
  An anaconda (shapeshifter) (D)
  4 anacondas (D)
  4 dancing weapons (D)
  2 iron elementals (D)
  4 death yaks (D)
  An ogre mage (D)
  2 sun demons (D)
  3 deep elf knights (D)
  An iron golem (D)
  2 soul eaters (D)
  8 skeletal warriors (D)
  A shadow wraith (D)
  A golden dragon zombie (D)
  A death drake (D)
  A giant orange brain (D)
  A sea snake (shapeshifter) (D)
  2 anaconda zombies (D)
  A kraken simulacrum (D)
  A spriggan druid (D)
  A lindwurm (shapeshifter) (D)
  A swamp dragon (shapeshifter) (D)
  2 orange crystal statues (D)
  A lindwurm (D)
  A hill giant (shapeshifter) (D)
  An obsidian statue (D)
  A spectral iron dragon (D)
  Joseph (D)
  An orc knight (D)
  An anubis guard (shapeshifter) (D)
  3 deep elf magi (D)
  A shining eye (D)
  4 crystal guardians (D)
  2 oklob plants (D)
  2 orc sorcerers (D)
  3 ugly things (D)
  An elephant (shapeshifter) (D)
  A hornet (D)
  A moth of wrath (D)
  2 elephants (D)
  9 black mambas (D)
  A molten gargoyle (D)
  3 rust devils (D)
  8 statues (D)
  A guardian serpent (D)
  2 spiny frogs (D)
  23 guardian mummies (D)
  A komodo dragon (D)
  3 fire drakes (D)
  11 yaktaurs (D)
  A merfolk (shapeshifter) (D)
  2 ice devils (D)
  3 wandering mushrooms (D)
  2 giant leeches (D)
  4 spriggan defenders (D)
  A queen bee (D)
  An orc high priest (D)
  8 blink frogs (D)
  7 slime creatures (D)
  A redback (shapeshifter) (D)
  9 shadows (D)
  4 redbacks (D)
  2 spriggans (D)
  A golden eye (D)
  A hill giant (D)
  A spatial vortex (D)
  2 iron troll simulacra (D)
  2 nagas (D)
  2 hydra simulacra (D)
  6 water moccasins (D)
  A swamp drake (D)
  An orc warrior (D)
  2 wasps (D)
  A fire dragon simulacrum (D)
  2 black mamba simulacra (D)
  A necrophage (D)
  A water elemental (D)
  A scorpion (D)
  28 killer bees (D)
  4 electric eels (D)
  8 quasits (D)
  A jelly (D)
  4 orc priests (D)
  2 orc wizards (D)
  A wizard (D)
  Jessica (D)
  A necromancer (D)
  A wolf simulacrum (D)
  A kobold demonologist (D)
  3 humans (D)
  5 adders (D)
  2 giant eyeballs (D)
  8 orcs (D)
  2 rats (D)
  2 ballistomycetes (D)
  8 bushes (D)
  11 butterflies (D)
  30 plants (D)
440 creatures vanquished.

Vanquished Creatures (collateral kills)
  Erolcha (D)
  A vault guard (D)
  A skeletal warrior (D)
  An orc knight (D)
  A redback (D)
  A hill giant (D)
  2 orc warriors (D)
  3 two-headed ogres (D)
  A killer bee (D)
  2 orcs (D)
  A butterfly (D)
15 creatures vanquished.

Vanquished Creatures (others)
  2 draconian scorchers (D)
  2 draconian shifters (D)
  A fire dragon (D)
  A hydra (D)
  5 dancing weapons (D)
  3 yaktaurs (D)
  2 guardian mummies (D)
  3 killer bees (D)
  5 ball lightnings (D)
  A ballistomycete (D)
  A butterfly (D)
  3 giant spores (D)
  8 plants (D)
37 creatures vanquished.

Grand Total: 492 creatures vanquished

Notes
Turn   | Place    | Note
--------------------------------------------------------------
     0 | D        | Kidiri the Spriggan Enchanter began the quest for the Orb.
     0 | D        | Reached XP level 1. HP: 9/9 MP: 5/5
    35 | D        | Noticed Jessica
    39 | D        | Killed Jessica
    39 | D        | Reached skill level 6 in Stealth
    39 | D        | Reached XP level 2. HP: 13/13 MP: 6/8
    43 | D        | Learned a level 2 spell: Ensorcelled Hibernation
    81 | D        | Killed a yaktaur
    99 | D        | Noticed a scorpion
   113 | D        | Killed a scorpion
   113 | D        | Reached skill level 5 in Dodging
   113 | D        | Reached skill level 7 in Stealth
   113 | D        | Reached skill level 5 in Spellcasting
   113 | D        | Reached skill level 1 in Ice Magic
   113 | D        | Reached XP level 3. HP: 16/16 MP: 4/10
   113 | D        | Reached XP level 4. HP: 21/21 MP: 4/12
   223 | D        | Reached skill level 5 in Hexes
   244 | D        | Gained mutation: Your movements are slightly less encumbered by armour (ER -2). [potion of mutation]
   244 | D        | Gained mutation: You have a somewhat thin skeletal structure (Dex +2, Stealth). [potion of mutation]
   244 | D        | Gained mutation: You possess an exceptional clarity of mind. [potion of mutation]
   245 | D        | Gained mutation: You are agile. (Dex +2) [potion of mutation]
   245 | D        | Gained mutation: You are resistant to electric shocks. [potion of mutation]
   245 | D        | Gained mutation: You can translocate small distances at will. [potion of mutation]
   259 | D        | Noticed a water elemental
   262 | D        | Killed a water elemental
   262 | D        | Reached skill level 5 in Short Blades
   262 | D        | Reached skill level 8 in Stealth
   262 | D        | Reached XP level 5. HP: 24/24 MP: 12/14
   267 | D        | Learned a level 3 spell: Confuse
   271 | D        | Learned a level 3 spell: Tukima's Dance
   275 | D        | Learned a level 3 spell: Dazzling Spray
   284 | D        | Noticed a shadow
   289 | D        | Killed a white draconian scorcher
   313 | D        | Killed a shadow
   313 | D        | Reached skill level 9 in Stealth
   313 | D        | Reached skill level 1 in Conjurations
   313 | D        | Reached XP level 6. HP: 17/28 MP: 6/17
   393 | D        | Killed a white draconian scorcher
   495 | D        | Reached skill level 10 in Stealth
   503 | D        | Found an oddly glowing altar of Pakellas.
   503 | D        | Found a stormy altar of Qazlal.
   504 | D        | Found a sacrificial altar of Ru.
   504 | D        | Found a burning altar of Makhleb.
   504 | D        | Found a viscous altar of Jiyva.
   504 | D        | Found a shimmering altar of Xom.
   504 | D        | Found a shadowy altar of Dithmenos.
   504 | D        | Found a sparkling altar of Nemelex Xobeh.
   504 | D        | Found a corrupted altar of Lugonu.
   504 | D        | Found an opulent altar of Gozag.
   504 | D        | Noticed a spatial vortex
   508 | D        | Became a worshipper of Dithmenos the Shadowed
   540 | D        | Killed a spatial vortex
   540 | D        | Reached skill level 1 in Invocations
   817 | D        | Found a radiant altar of Vehumet.
   818 | D        | Found a deep blue altar of Sif Muna.
   818 | D        | Found an ancient bone altar of Kikubaaqudgha.
   821 | D        | Reached * piety under Dithmenos
   839 | D        | Found a glowing silver altar of Zin.
   840 | D        | Found a glowing golden altar of the Shining One.
   840 | D        | Found a white marble altar of Elyvilon.
   840 | D        | Noticed a deep elf mage
   842 | D        | Killed a deep elf mage
   842 | D        | Reached skill level 10 in Dodging
   842 | D        | Reached skill level 11 in Stealth
   842 | D        | Reached XP level 7. HP: 32/32 MP: 18/20
   859 | D        | Found an iron altar of Okawaru.
   860 | D        | Found a bloodstained altar of Trog.
   860 | D        | Noticed a human
   860 | D        | Noticed a human
   862 | D        | Killed a human
   862 | D        | Reached ** piety under Dithmenos
   862 | D        | Reached skill level 12 in Stealth
   862 | D        | Reached XP level 8. HP: 36/36 MP: 22/22
   950 | D        | Found a snail-covered altar of Cheibriados.
   951 | D        | Found a basalt altar of Yredelemnul.
   951 | D        | Found a blossoming altar of Fedhas.
   953 | D        | Reached *** piety under Dithmenos
   990 | D        | Reached skill level 10 in Spellcasting
  1136 | D        | Reached **** piety under Dithmenos
  1136 | D        | Reached skill level 1 in Shields
  1142 | D        | Noticed Erolcha
  1155 | D        | Reached skill level 13 in Stealth
  1157 | D        | Killed Erolcha
  1157 | D        | Reached XP level 9. HP: 20/39 MP: 6/24
  1421 | D        | Reached ***** piety under Dithmenos
  1533 | D        | Noticed a queen bee
  1556 | D        | Reached skill level 10 in Short Blades
  1711 | D        | Reached skill level 5 in Ice Magic
  1715 | D        | Reached skill level 14 in Stealth
  1722 | D        | Reached ****** piety under Dithmenos
  1988 | D        | Killed a queen bee
  2230 | D        | Noticed a wandering mushroom
  2231 | D        | Noticed a wandering mushroom
  2231 | D        | Noticed a wandering mushroom
  2238 | D        | Killed a wandering mushroom
  2238 | D        | Reached skill level 15 in Stealth
  2238 | D        | Reached XP level 10. HP: 44/44 MP: 13/26
  2315 | D        | Noticed a spiny frog
  2315 | D        | Noticed a spiny frog
  2318 | D        | Killed a spiny frog
  2323 | D        | Killed a spiny frog
  2323 | D        | Reached skill level 5 in Conjurations
  2607 | D        | Noticed a lindwurm
  2610 | D        | Killed a lindwurm
  2610 | D        | Reached skill level 15 in Dodging
  2610 | D        | Reached skill level 16 in Stealth
  2610 | D        | Reached skill level 10 in Hexes
  2650 | D        | Noticed Maud
  2652 | D        | Killed Maud
  2652 | D        | Reached XP level 11. HP: 47/47 MP: 27/29
  2666 | D        | Noticed a five-headed hydra
  2666 | D        | Noticed a four-headed hydra
  2670 | D        | Killed a five-headed hydra
  2671 | D        | Killed a four-headed hydra
  2671 | D        | Reached skill level 17 in Stealth
  2697 | D        | Noticed a death drake
  2699 | D        | Killed a death drake
  2731 | D        | Found a blossoming altar of Fedhas.
  2733 | D        | Noticed a spriggan druid
  2735 | D        | Killed a spriggan druid
  2855 | D        | Found Vool Wua's Magic Scroll Emporium.
  2860 | D        | Found Semoll's Antique Weapon Shop.
  2944 | D        | Found Ushritt's Gadget Shoppe.
  3037 | D        | Reached skill level 5 in Shields
  3103 | D        | Reached skill level 18 in Stealth
  3142 | D        | Noticed Rupert
  3168 | D        | Killed Rupert
  3237 | D        | Noticed a death yak
  3238 | D        | Noticed a death yak
  3238 | D        | Noticed an azure jelly
  3238 | D        | Noticed a death yak
  3238 | D        | Noticed an azure jelly
  3238 | D        | Noticed a death yak
  3244 | D        | Killed a death yak
  3254 | D        | Killed a death yak
  3402 | D        | Killed a death yak
  3402 | D        | Reached skill level 15 in Spellcasting
  3409 | D        | Reached XP level 12. HP: 51/51 MP: 0/32
  3582 | D        | Reached skill level 19 in Stealth
  3587 | D        | Killed a death yak
  3672 | D        | Noticed an anaconda
  3675 | D        | Noticed an anaconda
  3676 | D        | Killed an anaconda
  3697 | D        | Killed an anaconda
  3837 | D        | Noticed an anaconda
  3846 | D        | Killed an anaconda
  3914 | D        | Noticed an anaconda
  3915 | D        | Killed an anaconda
  3919 | D        | Reached skill level 20 in Stealth
  3931 | D        | Noticed a naga warrior
  3931 | D        | Noticed a greater naga
  3931 | D        | Found Aworin's Magic Scroll Boutique.
  3931 | D        | Found Mitedas's Antique Armour Emporium.
  3931 | D        | Found Ruongaes's Gadget Shop.
  3934 | D        | Killed a greater naga
  3935 | D        | Killed a naga warrior
  3935 | D        | Reached skill level 15 in Short Blades
  3952 | D        | Got a serpentine rune of Zot
  4029 | D        | Noticed an azure jelly
  4029 | D        | Noticed an azure jelly
  4030 | D        | Noticed a dire elephant
  4030 | D        | Noticed a dire elephant
  4030 | D        | Noticed Gastronok
  4032 | D        | Killed Gastronok
  4032 | D        | Reached XP level 13. HP: 55/55 MP: 32/34
  4033 | D        | Killed a dire elephant
  4035 | D        | Killed a dire elephant
  4038 | D        | Reached skill level 21 in Stealth
  4317 | D        | Noticed a fire dragon
  4317 | D        | Noticed Xtahua
  4705 | D        | Found Ziuxka's Antique Weapon Shoppe.
  4970 | D        | Bought a scroll of identify for 28 gold pieces
  4970 | D        | Bought a scroll of identify for 28 gold pieces
  4970 | D        | Bought a scroll of identify for 28 gold pieces
  4970 | D        | Bought a scroll of identify for 28 gold pieces
  4970 | D        | Bought a scroll of enchant weapon for 105 gold pieces
  4970 | D        | Bought a scroll of enchant armour for 105 gold pieces
  4970 | D        | Bought a scroll of identify for 28 gold pieces
  4982 | D        | Bought a slimy robe for 171 gold pieces
  4992 | D        | Identified the +1 robe "Voiram Vuec" {+Inv rN+ MP+9 Dex-5} (You bought it in a shop in the Dungeon)
  5151 | D        | Noticed a deep elf annihilator
  5160 | D        | Noticed a deep elf demonologist
  5169 | D        | Noticed a deep elf demonologist
  5171 | D        | Noticed a Shadow Fiend
  5352 | D        | Noticed a deep elf death mage
  5357 | D        | Noticed a deep elf master archer
  5358 | D        | Noticed a deep elf annihilator
  5575 | D        | Noticed a reaper
  5576 | D        | Killed a deep elf demonologist
  5584 | D        | Killed a deep elf annihilator
  5671 | D        | Killed a fire dragon
  5709 | D        | Killed a deep elf death mage
  5716 | D        | Killed a deep elf demonologist
  5893 | D        | Killed a deep elf annihilator
  5893 | D        | Reached skill level 22 in Stealth
  6280 | D        | Killed a deep elf master archer
  7180 | D        | Noticed Harold
  7180 | D        | Noticed Joseph
  7182 | D        | Killed Harold
  7183 | D        | Killed Joseph
  7377 | D        | Found Begre's Book Emporium.
  7377 | D        | Found Tyzydd's Antique Weapon Shop.
  7377 | D        | Found Foabb's Jewellery Shoppe.
  7377 | D        | Found Zouh's Antique Armour Boutique.
  7377 | D        | Found Asir Fugi's Book Emporium.
  7377 | D        | Found Terum's Food Shop.
  7377 | D        | Found Halidifi's Antique Weapon Emporium.
  7377 | D        | Found Vueq Rukk's Gadget Boutique.
  7378 | D        | Found Ubysony's Food Boutique.
  7378 | D        | Found Laekalic's Magic Scroll Shoppe.
  7378 | D        | Found Emmiex's Distillery.
  7378 | D        | Found Akabucuh's Jewellery Emporium.
  7417 | D        | Bought a book of Burglary for 825 gold pieces
  7421 | D        | Learned a level 3 spell: Passwall
  7426 | D        | Learned a level 4 spell: Passage of Golubria
  7432 | D        | Learned a level 5 spell: Lee's Rapid Deconstruction
  7439 | D        | Learned a level 6 spell: Darkness
  7446 | D        | Learned a level 6 spell: Invisibility
  7447 | D        | Bought an embroidered cloak for 90 gold pieces
  7455 | D        | Bought the ring of Ceutrohuu {rC+ Dex+5} for 772 gold pieces
  7596 | D        | Killed Xtahua
  7596 | D        | Reached skill level 1 in Earth Magic
  7596 | D        | Reached XP level 14. HP: 59/59 MP: 8/37
  7800 | D        | Got a decaying rune of Zot
  8179 | D        | Identified the Almanac of Battle Magic and Orientation
  8179 | D        | Identified the Grimoire of Arcane Weapons
  8181 | D        | Identified the Incunabulum of Might
  8184 | D        | Identified Nuodi's Grimoire of Companions
  8190 | D        | Identified Anoiq's Handbook of Ashen Envenoming
  8337 | D        | Learned a level 3 spell: Mephitic Cloud
  8343 | D        | Learned a level 5 spell: Venom Bolt
  8350 | D        | Learned a level 6 spell: Freezing Cloud
  8513 | D        | Reached skill level 23 in Stealth
  8530 | D        | Reached skill level 1 in Poison Magic
  8532 | D        | Reached skill level 1 in Air Magic
  8692 | D        | Got a crude quick blade
  8692 | D        | Got a crude quick blade
  8693 | D        | Identified the +11 quick blade "Cureb" {pierce, +Rage Stlth+} (You found it in the Dungeon)
  8694 | D        | Identified the +8 quick blade of Midwinter {antimagic, rElec Int+4} (You found it in the Dungeon)
  8760 | D        | Bought a scroll of identify for 24 gold pieces
  8760 | D        | Bought a scroll of identify for 24 gold pieces
  8760 | D        | Bought a scroll of enchant armour for 90 gold pieces
  8760 | D        | Bought a scroll of enchant armour for 90 gold pieces
  8760 | D        | Bought a scroll of identify for 24 gold pieces
  8770 | D        | Bought a potion of curing for 36 gold pieces
  8770 | D        | Bought 2 potions of heal wounds for 120 gold pieces
  8944 | D        | Noticed Chuck
  9115 | D        | Killed Chuck
  9115 | D        | Reached skill level 5 in Translocations
  9115 | D        | Reached skill level 5 in Transmutations
  9196 | D        | Identified Rifriwka's Incunabulum of Harmful Unholy Arts
  9204 | D        | Got a crude blowgun
  9231 | D        | Learned a level 1 spell: Apportation
  9234 | D        | Noticed Frederick
  9239 | D        | Killed Frederick
  9257 | D        | Noticed a lich
  9367 | D        | Killed a lich
  9367 | D        | Reached skill level 24 in Stealth
  9470 | D        | Noticed a shadow dragon
  9470 | D        | Noticed a shadow dragon
  9471 | D        | Reached skill level 10 in Ice Magic
  9473 | D        | Killed a shadow dragon
  9473 | D        | Reached skill level 15 in Hexes
  9476 | D        | Killed a shadow dragon
  9644 | D        | Noticed an ancient lich
  9658 | D        | Got a flickering glass ring
  9660 | D        | Got a fine turquoise ring
  9667 | D        | Identified the ring "Lyelox" {rF+ rC- rN+++ MR+++ Dex+3} (You found it in the Dungeon)
  9669 | D        | Identified the ring of the Traitor {rF+ AC+1} (You found it in the Dungeon)
  9715 | D        | Noticed a sphinx
  9715 | D        | Noticed a sphinx
  9719 | D        | Killed a sphinx
  9720 | D        | Killed a sphinx
  9720 | D        | Reached skill level 5 in Earth Magic
  9720 | D        | Reached skill level 5 in Poison Magic
  9720 | D        | Reached XP level 15. HP: 63/63 MP: 29/39
  9848 | D        | Reached skill level 10 in Conjurations
 10432 | D        | Noticed a titan
 10432 | D        | Noticed a fire giant
 10432 | D        | Noticed a shadow dragon
 10432 | D        | Noticed a fire giant
 10432 | D        | Noticed a golden dragon
 10432 | D        | Noticed a golden dragon
 10435 | D        | Noticed a titan
 10464 | D        | Reached skill level 5 in Air Magic
 10473 | D        | Reached skill level 25 in Stealth
 10572 | D        | Killed a fire giant
 10579 | D        | Noticed a fire giant
 10607 | D        | Killed a fire giant
 10609 | D        | Got a twitching iron ring
 10628 | D        | Identified the ring "Xireirphuesu" {+Fly Int+2 Dex+3 Stlth+} (You took it off a fire giant in the Dungeon)
 10922 | D        | Killed a titan
 10959 | D        | Killed a titan
 11181 | D        | Killed a fire giant
 11181 | D        | Reached skill level 10 in Translocations
 11425 | D        | Killed a shadow dragon
 11955 | D        | Lost mutation: You can translocate small distances at will. [potion of cure mutation]
 11955 | D        | Lost mutation: You have a somewhat thin skeletal structure (Dex +2, Stealth). [potion of cure mutation]
 11955 | D        | Lost mutation: You are agile. (Dex +2) [potion of cure mutation]
 11955 | D        | Lost mutation: You are resistant to electric shocks. [potion of cure mutation]
 11958 | D        | Killed a golden dragon
 11958 | D        | Reached skill level 26 in Stealth
 12093 | D        | Reached skill level 10 in Shields
 12472 | D        | Reached skill level 10 in Transmutations
 13834 | D        | Killed a golden dragon
 14001 | D        | Got a heavy robe
 14003 | D        | Got a creamy pearl robe
 14005 | D        | Got a silver rune of Zot
 14027 | D        | Identified the +1 robe "Nyemelaf" {+Inv Regen+ Str+7} (You found it in the Dungeon)
 14037 | D        | Identified the +1 robe "Yxil" {rPois rN+ Dex+2} (You found it in the Dungeon)
 14263 | D        | Noticed a greater mummy
 14263 | D        | Noticed a greater mummy
 14641 | D        | Reached XP level 16. HP: 59/67 MP: 30/42
 14644 | D        | Got a faintly glowing quarterstaff {venom}
 14678 | D        | Got a twisted buckler
 14689 | D        | Identified the +2 buckler of Negligence {rC+ MR+ Int-3} (You acquired it in the Dungeon)
 14705 | D        | Got a crude cloak
 14716 | D        | Identified the +2 cloak of Juid {Dex+5 Stlth+} (You acquired it in the Dungeon)
 14717 | D        | Got a spiked cloak
 14728 | D        | Identified the +0 cloak "Erchoafei" {rF+ Dex+3} (You acquired it in the Dungeon)
 14766 | D        | Learned a level 6 spell: Iron Shot
 14814 | D        | Killed a greater mummy
 14940 | D        | Killed a greater mummy
 15145 | D        | Reached skill level 27 in Stealth
 15231 | D        | Got a golden rune of Zot
 15460 | D        | Noticed Azrael
 15462 | D        | Killed Azrael
 15723 | D        | Identified the Tome of Conjuration and Snow (You acquired it in the Dungeon)
 16315 | D        | Noticed Boris
 16318 | D        | Killed Boris
 16383 | D        | Found Qerrus's Armour Emporium.
 16383 | D        | Found Zodeaj's Distillery.
 16383 | D        | Found Oras's Distillery.
 16383 | D        | Found Venteololi's Gadget Shoppe.
 16389 | D        | Bought a potion of curing for 42 gold pieces
 16389 | D        | Bought a potion of curing for 42 gold pieces
 16389 | D        | Bought a potion of curing for 42 gold pieces
 16389 | D        | Bought a potion of curing for 42 gold pieces
 16389 | D        | Bought 2 potions of curing for 84 gold pieces
 16389 | D        | Bought a potion of heal wounds for 70 gold pieces
 16391 | D        | Bought a potion of curing for 33 gold pieces
 16391 | D        | Bought a potion of curing for 33 gold pieces
 16391 | D        | Bought a potion of heal wounds for 55 gold pieces
 16391 | D        | Bought a potion of curing for 33 gold pieces
 16391 | D        | Bought a potion of curing for 33 gold pieces
 16391 | D        | Bought a potion of heal wounds for 55 gold pieces
 16399 | D        | Found Atoteng's Food Boutique.
 16723 | D        | Noticed Mara
 16725 | D        | Killed Mara
 16849 | D        | Noticed an ancient champion
 16850 | D        | Killed an ancient champion
 16902 | D        | Noticed Roxanne
 16908 | D        | Killed Roxanne
 16914 | D        | Identified Roxanne's Grimoire of Ashen Transmigration (You took it off Roxanne in the Dungeon)
 16921 | D        | Learned a level 3 spell: Ozocubu's Armour
 17044 | D        | Noticed Mennas
 17095 | D        | Killed Mennas
 17095 | D        | Reached skill level 10 in Poison Magic
 17128 | D        | Gained mutation: You have an increased reservoir of magic (+10% MP). [potion of beneficial mutation]
 17729 | D        | Noticed Nikola
 17729 | D        | Noticed a storm dragon
 17735 | D        | Killed a storm dragon
 17737 | D        | Killed Nikola
 17737 | D        | Reached skill level 10 in Earth Magic
 17737 | D        | Reached XP level 17. HP: 70/70 MP: 49/49
 17898 | D        | Reached skill level 5 in Charms
 17904 | D        | Reached skill level 27 in Dodging
 18143 | D        | Noticed Nessos
 18145 | D        | Killed Nessos
 18145 | D        | Reached skill level 15 in Translocations
 18150 | D        | Reached skill level 10 in Air Magic
 18355 | D        | Noticed a Killer Klown
 18357 | D        | Killed a Killer Klown
 18404 | D        | Noticed an Ice Fiend
 18417 | D        | Killed an Ice Fiend
 18532 | D        | Noticed an Orb Guardian
 18532 | D        | Noticed an Orb Guardian
 18535 | D        | Killed an Orb Guardian
 18536 | D        | Killed an Orb Guardian
 18550 | D        | Noticed an ancient lich
 18552 | D        | Killed an ancient lich
 18559 | D        | Noticed an electric golem
 18561 | D        | Killed an electric golem
 18947 | D        | Learned a level 4 spell: Condensation Shield
 19297 | D        | Noticed Tiamat
 19414 | D        | Killed Tiamat
 19414 | D        | Reached skill level 10 in Charms
 19414 | D        | Reached skill level 15 in Transmutations
 19833 | D        | Noticed an orb of fire
 19882 | D        | Gained mutation: You are dopey. (Int -2) [mutagenic glow]
 19934 | D        | Gained mutation: You are very dopey. (Int -4) [mutagenic glow]
 20401 | D        | Noticed Geryon
 20403 | D        | Killed Geryon
 20588 | D        | Noticed a greater mummy
 20591 | D        | Killed a greater mummy
 20591 | D        | Reached XP level 18. HP: 73/73 MP: 45/53
 20795 | D        | Noticed Gloorx Vloq
 20799 | D        | Killed Gloorx Vloq
 21060 | D        | Noticed a greater mummy
 21061 | D        | Killed a greater mummy
 21066 | D        | Noticed an Orb Guardian
 21443 | D        | Noticed a greater mummy
 21443 | D        | Noticed Khufu
 21443 | D        | Noticed a greater mummy
 21680 | D        | Killed a greater mummy
 21790 | D        | Killed Khufu
 21791 | D        | Killed a greater mummy
 21799 | D        | Got a bone rune of Zot
 22014 | D        | Noticed an iron giant
 22016 | D        | Killed an iron giant
 22028 | D        | Reached skill level 27 in Spellcasting
 22044 | D        | Reached skill level 15 in Charms
 22313 | D        | Reached skill level 15 in Ice Magic
 22451 | D        | Noticed a Hell Sentinel
 22454 | D        | Killed a Hell Sentinel
 22460 | D        | Got a jewelled cloak
 22481 | D        | Identified the -5 cloak of Chill Winds {MR++ Stlth+} (You found it in the Dungeon)
 22522 | D        | Noticed a Hell Sentinel
 22522 | D        | Noticed a Hell Sentinel
 22522 | D        | Noticed Dispater
 22754 | D        | Killed Dispater
 22779 | D        | Killed a Hell Sentinel
 22788 | D        | Killed a Hell Sentinel
 22796 | D        | Got an iron rune of Zot
 22826 | D        | Learned a level 4 spell: Cause Fear
 22879 | D        | Noticed Antaeus
 22887 | D        | Killed from afar by Antaeus

Vault maps used:
D:        dungeon_sprint_mu

Action                   |  1- 3 |  4- 6 |  7- 9 | 10-12 | 13-15 | 16-18 || total
-------------------------+-------+-------+-------+-------+-------+-------++-------
Melee: Dagger            |     5 |    32 |    51 |    77 |   175 |       ||   340
       Quick blade       |       |       |       |       |   176 |   338 ||   514
       Rapier            |       |       |       |       |     9 |       ||     9
Throw: Throwing net      |       |       |       |       |     3 |    14 ||    17
 Cast: Ensorcelled Hiber |     2 |     4 |    29 |    18 |    12 |     5 ||    70
       Dazzling Spray    |       |     7 |    17 |    30 |   150 |    21 ||   225
       Tukima's Dance    |       |       |     9 |     4 |    21 |     9 ||    43
       Confuse           |       |       |     9 |     3 |    31 |    19 ||    62
       Venom Bolt        |       |       |       |       |    40 |     8 ||    48
       Passage of Golubr |       |       |       |       |     4 |     1 ||     5
       Darkness          |       |       |       |       |     6 |     2 ||     8
       Invisibility      |       |       |       |       |     3 |     3 ||     6
       Freezing Cloud    |       |       |       |       |    12 |     8 ||    20
       Lee's Rapid Decon |       |       |       |       |    23 |    64 ||    87
       Apportation       |       |       |       |       |       |    14 ||    14
       Iron Shot         |       |       |       |       |       |    20 ||    20
       Ozocubu's Armour  |       |       |       |       |       |     6 ||     6
Invok: Shadow Step       |       |       |     1 |    19 |    16 |    13 ||    49
 Abil: Evoke Flight      |       |       |       |       |       |     8 ||     8
       Evoke Berserk Rag |       |       |       |       |       |     1 ||     1
Evoke: Quad damage       |       |       |       |       |       |     1 ||     1
  Use: Scroll            |       |     4 |       |       |    14 |    18 ||    36
       Potion            |       |     4 |     1 |       |     9 |     9 ||    23
 Stab: Sleeping          |     3 |     6 |    23 |    54 |    66 |    98 ||   250
       Invisible         |       |       |     3 |     4 |     2 |    12 ||    21
       Confused          |       |       |     1 |     3 |    17 |     7 ||    28
       Held in net/web   |       |       |       |       |     2 |    14 ||    16
       Distracted        |       |       |       |       |     2 |     2 ||     4
  Eat: Bread ration      |       |       |       |     1 |     1 |     1 ||     3
       Fruit             |       |       |       |       |     4 |     5 ||     9
       Royal jelly       |       |       |       |       |       |     3 ||     3
